 Dungeon Crawl Stone Soup version 0.25.1-2-g60ff931df9 (webtiles) character file.

Game seed: 13176599840531204083

5779 ew1980 the Martial Artist (level 10, -6/81 HPs)
             Began as an Octopode Transmuter on Nov 27, 2020.
             Was a Believer of the Shining One.
             Mangled by a two-headed ogre
             ... wielding a +0 dire flail
              (14 damage)
             ... on level 8 of the Dungeon.
             The game lasted 00:45:28 (13727 turns).

ew1980 the Martial Artist (Octopode Transmuter)    Turns: 13727, Time: 00:45:28

Health: -6/81      AC:  6    Str:  9    XL:     10   Next: 78%
Magic:  19/19      EV: 17    Int: 25    God:    the Shining One [**....]
Gold:   369        SH:  0    Dex: 13    Spells: 7/21 levels left

rFire    . . .     SeeInvis .     - Unarmed
rCold    + + .     Gourm    .   (shield currently unavailable)
rNeg     + . .     Faith    .   (helmet currently unavailable)
rPois    +         Spirit   .   n - amulet of magic regeneration
rElec    .         Reflect  .   s - ring of stealth
rCorr    .         Harm     .   F - +4 ring of evasion
MR       .....                  J - ring "Haosuur" {Fire Int+6}
Stlth    +.........             (no ring)
HPRegen  0.23/turn              (no ring)
MPRegen  0.41/turn              (no ring)
                                (no ring)
                                (no ring)

@: ice-form, glowing
A: large, almost no armour, stealthy swim, amphibious, 8 rings, (constrict 8)
a: End Transformation, Divine Shield, Renounce Religion


You were on level 8 of the Dungeon.
You worshipped the Shining One.
The Shining One was pleased with you.
You were not hungry.
You were a creature of crystalline ice.
You visited 2 branches of the dungeon, and saw 9 of its levels.

You collected 369 gold pieces.

Inventory:

Hand Weapons
 b - the +11 falchion of Kaigyhom {freeze, *Rage MR+ SInv}
   (You found it on level 6 of the Dungeon)

   It has been specially enchanted to freeze those struck by it, causing extra
   injury to most foes and up to half again as much damage against particularly
   susceptible opponents.
   It can also slow down cold-blooded creatures.
   It affects your resistance to hostile enchantments.
   It lets you see invisible.
   It may make you go berserk in combat.
 k - a +2 dagger of speed
 x - a +0 flail of protection
 C - a +2 scimitar of flaming
 D - a +2 short sword of protection
Missiles
 a - 39 arrows
 d - 6 boomerangs
 r - 8 javelins (quivered)
 w - 3 curare-tipped darts
 A - 26 poisoned darts
 B - 2 throwing nets
Armour
 G - a +0 tower shield
 H - a +2 hat (melded)
Jewellery
 n - an amulet of magic regeneration (around neck)
 s - a ring of stealth (left front paw)
 F - a +4 ring of evasion (right front paw)
 I - the ring "Zum Repn" {rElec rPois MR+ Str-4 Int-5 Slay+2}
   (You found it on level 7 of the Dungeon)

   [ring of strength]

   It affects your strength (-4).
   It affects your intelligence (-5).
   It affects your accuracy and damage with ranged weapons and melee attacks
   (+2).
   It insulates you from electricity.
   It protects you from poison.
   It affects your resistance to hostile enchantments.
 J - the ring "Haosuur" (on tentacle) {Fire Int+6}
   (You took it off a crimson imp on level 7 of the Dungeon)

   [ring of fire]

   It enhances your fire magic.
   It affects your intelligence (+6).
   It protects you from fire.
   It makes you vulnerable to cold.
Wands
 z - a wand of disintegration (15)
 L - a wand of flame (15)
Scrolls
 f - a scroll of teleportation
 i - a scroll of remove curse
 j - 3 scrolls of enchant armour
 E - a scroll of fear
Potions
 e - a potion of brilliance {unknown}
 g - 4 potions of invisibility
 h - 3 potions of heal wounds
 l - 2 potions of lignification
 m - 2 potions of flight
 o - 2 potions of stabbing
 p - a potion of cancellation {unknown}
 q - 2 potions of berserk rage {unknown}
 t - a potion of resistance {unknown}
 u - a potion of haste {unknown}
 y - 3 potions of curing
Comestibles
 c - 15 rations
 v - 3 chunks of flesh


   Skills:
 + Level 6.2 Fighting
 + Level 6.5 Dodging
 * Level 8.1 Unarmed Combat
 + Level 6.0 Spellcasting
 + Level 7.5 Transmutations
 + Level 5.3 Invocations


You had 7 spell levels left.
You knew the following spells:

 Your Spells              Type           Power        Failure   Level  Hunger
a - Sticks to Snakes      Tmut           #####...     1%          2    None
b - Spider Form           Tmut/Pois      ####......   4%          3    None
c - Ice Form              Ice/Tmut       ####....     16%         4    ###....
d - Blade Hands           Tmut           #####.....   9%          5    #####..

Your spell library contained the following spells:

 Spells                   Type           Power        Failure   Level  Hunger
 Beastly Appendage        Tmut           #####.       1%          1    None


Dungeon Overview and Level Annotations

Branches:
Dungeon (8/15)             Temple (1/1) D:5
   Lair: D:8-11

Altars:
Ashenzari
Cheibriados
Dithmenos
Elyvilon
Fedhas
Gozag
Hepliaklqana
Kikubaaqudgha
Makhleb
Nemelex Xobeh
Okawaru
Qazlal
Ru
Sif Muna
Trog
Uskayaw
Vehumet
Wu Jian
Xom
Yredelemnul
Zin
The Shining One

Annotations:
D:8 Pikel


Innate Abilities, Weirdness & Mutations

You cannot wear most types of armour.
You are very stealthy in the water. (Stealth+)
You are amphibious.
You can wear up to eight rings at the same time.
((You can use your tentacles to constrict eight enemies at once.))
((Your skin changes colour to match your surroundings (Stealth+).))
((Your rubbery body absorbs attacks. (AC +1, EV +1)))


Message History

The two-headed ogre hits you with a +0 giant club!
You hit the two-headed ogre. You freeze the two-headed ogre.
The two-headed ogre is severely wounded.
The two-headed ogre hits you with a +0 dire flail!
* * * LOW HITPOINT WARNING * * *
The two-headed ogre misses you.
You hit the two-headed ogre but do no damage.
The two-headed ogre is heavily wounded.
You hit the two-headed ogre but do no damage.
The two-headed ogre is heavily wounded.
The two-headed ogre barely misses you. x2
You hit the two-headed ogre. You freeze the two-headed ogre.
The two-headed ogre is severely wounded.
The two-headed ogre barely misses you.
The two-headed ogre hits you with a +0 giant club!
* * * LOW HITPOINT WARNING * * *
You punch the two-headed ogre! You freeze the two-headed ogre.
The two-headed ogre is severely wounded.
The two-headed ogre hits you with a +0 dire flail!
You die...

#.#.# #.#
#.#.# #)# #
#.#.# #.# #.
#######.#.#
#.# .P.. #..
#.......#.#
#.# P...
..##.#
#.....# #.#
..... #.#.#
#[##### #.#
.....
#..###.#
#####.#
......
#..OY..#
#.....#
.♣....#
##.######
#.#####
...P...###.##
#.# #÷..##
#.# ##### #.#
#.# #.# #.#
#.#


You could see a two-headed ogre.

Vanquished Creatures
  Erica (D:8)
  An ugly thing (D:7)
  A cyclops (D:7)
  Maggie (D:8)
  A troll (D:6)
  Prince Ribbit (D:8)
  The ghost of ces the Gusty, an amateur DEAE (D:6)
  A wyvern (D:8)
  A basilisk (D:8)
  A water moccasin (D:8)
  2 porcupines (D:8)
  A sky beast (D:6)
  An orc warrior (D:8)
  4 black bears
  3 ogres
  A centaur (D:8)
  A wolf (D:8)
  2 big kobolds (D:3)
  2 bullfrogs
  2 scorpions
  A killer bee (D:7)
  2 jellies
  5 crimson imps
  A quasit (D:8)
  A bullfrog zombie (D:5)
  A bullfrog skeleton (D:5)
  4 hounds
  12 orc wizards
  6 orc priests
  Jessica (D:2)
  2 iguanas
  Ijyb (D:5)
  3 worker ants
  A hound skeleton (D:6)
  Robin (D:4)
  A howler monkey zombie (D:6)
  7 adders
  14 gnolls
  2 shadow imps
  An ooze (D:4)
  An adder skeleton (D:8)
  A worm (D:2)
  2 dart slugs
  6 leopard geckos
  30 orcs
  4 ball pythons
  2 bats
  6 giant cockroaches
  47 goblins
  29 hobgoblins
  9 jackals
  A quokka (D:8)
  4 frilled lizards
  22 kobolds
  A leopard gecko zombie (D:2)
  4 rats
265 creatures vanquished.

Vanquished Creatures (others)
  3 bushes (D:8)
  3 fungi (D:8)
  12 plants (D:8)
18 creatures vanquished.

Grand Total: 283 creatures vanquished

Notes
Turn   | Place    | Note
-------+----------+-------------------------------------------
     0 | D:1      | ew1980 the Octopode Transmuter began the quest for the Orb.
     0 | D:1      | Reached XP level 1. HP: 13/13 MP: 3/3
   253 | D:1      | Reached XP level 2. HP: 8/18 MP: 3/5
   266 | D:1      | Learned a level 2 spell: Sticks to Snakes
   909 | D:1      | Reached XP level 3. HP: 7/23 MP: 4/6
   923 | D:1      | Learned a level 3 spell: Spider Form
  1775 | D:2      | Noticed a scorpion
  1788 | D:2      | Killed a scorpion
  1788 | D:2      | Reached XP level 4. HP: 29/29 MP: 0/7
  1881 | D:2      | Found a shattered altar of Ashenzari.
  2042 | D:2      | Noticed Jessica
  2090 | D:2      | Killed Jessica
  2090 | D:2      | Reached XP level 5. HP: 7/34 MP: 5/8
  2690 | D:3      | Found a stormy altar of Qazlal.
  3314 | D:3      | Found a sparkling altar of Nemelex Xobeh.
  3316 | D:3      | Found an opulent altar of Gozag.
  3317 | D:3      | Found a hazy altar of Hepliaklqana.
  3317 | D:3      | Found an ornate altar of the Wu Jian Council.
  4213 | D:3      | Reached XP level 6. HP: 32/39 MP: 7/10
  4307 | D:3      | Learned a level 4 spell: Ice Form
  5195 | D:3      | Reached skill level 4 in Unarmed Combat
  5410 | D:3      | Reached XP level 7. HP: 44/45 MP: 11/11
  5696 | D:4      | Noticed Robin
  5712 | D:4      | Killed Robin
  6223 | D:4      | Reached skill level 5 in Transmutations
  6473 | D:5      | Entered Level 5 of the Dungeon
  6803 | D:5      | Noticed Ijyb
  7376 | D:5      | Identified the +4 robe of Launeuz {Stlth+}
  7399 | D:5      | Reached XP level 8. HP: 41/52 MP: 13/13
  7530 | D:5      | Found a staircase to the Ecumenical Temple.
  7542 | D:5      | Killed Ijyb
  7574 | Temple   | Entered the Ecumenical Temple
  7917 | Temple   | Became a worshipper of the Shining One
  8326 | D:6      | Reached skill level 1 in Invocations
  8719 | D:6      | Reached skill level 5 in Unarmed Combat
  9401 | D:6      | Noticed a troll
  9413 | D:6      | HP: 3/64 [troll (13)]
  9415 | D:6      | Killed a troll
  9748 | D:6      | Got an iridescent falchion
 10006 | D:6      | Reached XP level 9. HP: 59/59 MP: 10/15
 10213 | D:6      | Found a runed translucent door.
 10214 | D:6      | Noticed ces's ghost (amateur DEAE)
 10225 | D:6      | Killed ces's ghost
 10225 | D:6      | Reached skill level 5 in Dodging
 10549 | D:7      | Identified the +11 falchion of Kaigyhom {freeze, *Rage MR+
                  | SInv} (You found it on level 6 of the Dungeon)
 10942 | D:7      | Reached * piety under the Shining One
 11495 | D:7      | Reached skill level 6 in Unarmed Combat
 11510 | D:7      | Got a wavering marble ring
 11516 | D:7      | Identified the cursed ring "Zum Repn" {rElec rPois MR+
                  | Str-4 Int-5 Slay+2} (You found it on level 7 of the
                  | Dungeon)
 11522 | D:7      | Noticed a cyclops
 11542 | D:7      | Noticed a red ugly thing
 11543 | D:7      | Killed a cyclops
 11543 | D:7      | Reached skill level 5 in Fighting
 11543 | D:7      | Reached skill level 5 in Spellcasting
 11543 | D:7      | Identified the cursed ring of Homitar {rElec rF+ EV-4
                  | Str+3}
 11543 | D:7      | Noticed a rakshasa
 11547 | D:7      | Identified the ring "Haosuur" {Fire Int+6}
 11550 | D:7      | The Shining One protects you from harm!
 11557 | D:7      | The Shining One protects you from harm!
 12176 | D:7      | Killed a red ugly thing
 12465 | D:7      | Got a warped lead amulet
 12568 | D:8      | Noticed a two-headed ogre
 12586 | D:8      | HP: 1/73 [centaur/arrow (12)]
 12589 | D:8      | Reached XP level 10. HP: 1/66 MP: 17/17
 12589 | D:8      | Noticed Maggie
 12592 | D:8      | Reached skill level 7 in Unarmed Combat
 12603 | D:8      | HP: 3/79 [Maggie/+0 glaive of flaming (5)]
 12604 | D:8      | Killed Maggie
 12881 | D:8      | Noticed Pikel
 13102 | D:8      | Learned a level 5 spell: Blade Hands
 13111 | D:8      | Noticed Prince Ribbit
 13137 | D:8      | Killed Prince Ribbit
 13277 | D:8      | Identified the amulet of Kuv Udoposo {Inacc rC- rN+ Dex+3}
                  | (You found it on level 7 of the Dungeon)
 13603 | D:8      | Noticed Erica
 13609 | D:8      | Killed Erica
 13609 | D:8      | Reached skill level 8 in Unarmed Combat
 13609 | D:8      | Reached skill level 5 in Invocations
 13630 | D:8      | Reached ** piety under the Shining One
 13727 | D:8      | Mangled by a two-headed ogre

Illustrated notes

Levels and vault maps discovered:
D:1:      ncdulo_halloftheorcs, layout_loops_corners
D:2:      layout_loops_cross, ashenzari_altar_1, uniq_jessica
D:3:      minmay_goblin_kobold_castle, layout_rooms, grunt_temple_overflow_open,
          old_standard_altar
D:4:      layout_cave_pools, first_ration, uniq_robin
D:5:      layout_cave_pools, temple_fountains, uniq_ijyb
D:6:      corexii_shantytown, layout_loops_ring, ebering_ghost_reflecting_pool
D:7:      minmay_the_grid_triangle_9x9_recursive_2
          [minmay_the_grid_triangle_9x9_prize_special,
          minmay_the_grid_triangle_9x9_empty,
          minmay_the_grid_triangle_9x9_corruption,
          minmay_the_grid_triangle_9x9_limited_checkers], layout_basic
D:8:      layout_loops_ring, minmay_lair_entry_grove, uniq_maggie,
          uniq_prince_ribbit1, uniq_erica, uniq_pikel
Temple:   eino_temple_scatter_basement

Skill      XL: |  1  2  3  4  5  6  7  8  9 10 |
---------------+-------------------------------+-----
Transmutations | 3 4 5 6 7 |  7.5
Fighting       | 2 3 4 5 6 |  6.2
Dodging        | 3 4 5 6 |  6.5
Spellcasting   | 3 4 5 6 |  6.0
Unarmed Combat | 4 5 6 8 |  8.1
Invocations    | 2 4 5 |  5.3

Action                   |  1- 3 |  4- 6 |  7- 9 | 10-12 || total
-------------------------+-------+-------+-------+-------++-------
Melee: Unarmed           |    49 |   207 |   434 |   104 ||   794
       Constrict         |    15 |    55 |    58 |     3 ||   131
       Tentacles         |     7 |    34 |    39 |     2 ||    82
       Kick              |     3 |     4 |       |       ||     7
       Punch             |     1 |     2 |     6 |       ||     9
       Spear             |       |     8 |       |       ||     8
Throw: Dart              |       |       |     2 |       ||     2
       Javelin           |       |       |       |     2 ||     2
 Cast: Beastly Appendage |     2 |     4 |       |       ||     6
       Spider Form       |     1 |     5 |    21 |     2 ||    29
       Ice Form          |       |       |     8 |     5 ||    13
       Sticks to Snakes  |       |       |     1 |       ||     1
       Blade Hands       |       |       |       |     1 ||     1
  Use: Scroll            |       |     8 |    12 |     1 ||    21
       Potion            |       |       |       |     1 ||     1
 Stab: Sleeping          |     6 |     5 |     1 |       ||    12
  Eat: Chunk             |     3 |    12 |    19 |     2 ||    36
       Ration            |       |       |     3 |       ||     3
Armor: Skin              |     4 |    10 |    39 |    12 ||    65
Dodge: Dodged            |    32 |   158 |   332 |    90 ||   612
